 Seeded DCSS version 0.31-a0-154-g56bf346678 (webtiles) character file.

Game seed: 2788064069220614859 (custom seed)

16093 SigmundSlayer the Grappler (level 12, -31/156 HPs)
             Began as a Grey Draconian Transmuter on June 11, 2023.
             Was an Elder of Dithmenos.
             Killed from afar by garrulousMonolith's ghost (43 damage)
             ... with a stone arrow
             ... on level 10 of the Dungeon.
             The game lasted 00:18:27 (10894 turns).

SigmundSlayer the Grappler (DrTm)                  Turns: 10894, Time: 00:18:27

Health: -31/156    AC: 26    Str: 15    XL:     12   Next: 7%
Magic:  25/25      EV:  2    Int: 19    God:    Dithmenos [****..]
Gold:   943        SH: 15    Dex: 17    Spells: 24/30 levels left

rFire   + .          .
                       - Unarmed
rCold   + + .        w - +1 kite shield
rNeg    + . .        (body armour unavailable)
rPois   +            (helmet currently unavailable)
rElec   +            r - melded +2 cloak
rCorr   +            (gloves currently unavailable)
SInv    .            c - melded +2 pair of boots
Will    .....        b - amulet of reflection
Stlth   ++           k - ring of Medy {rC+ rN+}
HPRegen 0.46/turn    d - +6 ring of dexterity
MPRegen 0.19/turn

%: reflection
@: tree-form, resistant, wereblooded, hasted, wreathed by umbra, very quick
A: stationary, stasis, torment immunity, boosted hp, AC +13, (amphibious),
unfitting armour, (cold-blooded), clever 1, evolution 1
a: Renounce Religion, Shadow Step


You were on level 10 of the Dungeon.
You worshipped Dithmenos.
Dithmenos was greatly pleased with you.
You were a tree.
You visited 1 branch of the dungeon, and saw 10 of its levels.
You also visited: Ossuary.

You collected 943 gold pieces.

Inventory:

Armour
 c - a +2 pair of boots (melded)
 r - a +2 cloak (melded)
 w - a +1 kite shield (worn)
Jewellery
 b - an amulet of reflection (around neck)
 d - a +6 ring of dexterity (right branch)
 e - a ring of protection from cold
 k - the ring of Medy (left branch) {rC+ rN+}
   (You found it on level 2 of the Dungeon)

   [ring of protection from cold]

   rC:        It protects you from cold.
   rN:        It protects you from negative energy.
 v - a ring of poison resistance
Wands
 l - a wand of roots (7)
 o - a wand of paralysis (8)
 p - a wand of flame (11)
Scrolls
 m - 2 scrolls of teleportation
 q - a scroll of brand weapon
Potions
 f - a potion of resistance
 g - 2 potions of brilliance
 h - a potion of magic
 j - 2 potions of enlightenment
 s - 5 potions of curing
 u - a potion of mutation


   Skills:
 - Level 9.3 Fighting
 + Level 4.1 Dodging
 + Level 3.5 Shields
 + Level 10.7 Unarmed Combat
 + Level 9.6 Spellcasting
 + Level 10.4 Transmutations
 - Level 4.5 Poison Magic


You had 24 spell levels left.
You knew the following spells:

 Your Spells              Type           Power      Damage    Failure   Level
a - Beastly Appendage     Tmut           96%        N/A       1%          1
b - Wereblood             Tmut           48%        N/A       1%          2
c - Spider Form           Tmut/Pois      37%        N/A       3%          3

Your spell library contained the following spells:

 Spells                   Type           Power      Damage    Failure   Level
 Passwall                 Tmut/Erth      23%        N/A       4%          2
 Ignite Poison            Fire/Tmut/Pois 28%        N/A       10%         3
 Necrotise                Necr           36%        1d5       24%         1
 Sandblast                Erth           18%        2d7       24%         1
 Ice Form                 Ice/Tmut       28%        N/A       28%         4
 Stone Arrow              Conj/Erth      18%        3d8       58%         3
 Vampiric Draining        Necr           9%         2d6       58%         3
 Sticky Flame             Conj/Fire      9%         2d3       94%         4
 Summon Ice Beast         Ice/Summ       9%         N/A       94%         4
 Agony                    Necr           9%         N/A       100%        5
 Summon Mana Viper        Hex/Summ       9%         N/A       100%        5
 Monstrous Menagerie      Summ           4%         N/A       100%        7
 Ignition                 Fire           4%         3d4       100%        8


Dungeon Overview and Level Annotations

Branches:
Dungeon (10/15)            Temple (0/1) D:7            Lair (0/5) D:9
Ossuary (visited)
    Orc: D:9-12

Altars:
Dithmenos
Gozag
Hepliaklqana
Kikubaaqudgha
Nemelex Xobeh
Okawaru
Sif Muna
Vehumet
Wu Jian
Xom
Yredelemnul
Zin

Shops:
D:2 !   D:7 :   D:10 *

Annotations:
D:10 garrulousMonolith's ghost, journeyman GrEE


Innate Abilities, Weirdness & Mutations

You are a tree.
Your roots penetrate the ground, keeping you stationary.
You cannot be teleported.
You are immune to unholy pain and torment.
Your maximum health is greatly increased.
Your equipment is partially melded.
((Your dull iron-grey scales are very hard. (AC +13)))
((You are amphibious.))
You cannot fit into any form of body armour.
((You are cold-blooded and may be slowed by cold attacks.))
Your mind is acute. (Int +4, Str/Dex -1)
You have hidden genetic potential.


Message History

The orc warrior hits you with a +0 battleaxe.
* * * LOW HITPOINT WARNING * * *
You feel better.
You creak as the wereblood boils in your veins!
You block the shadow's attack. You block the orc warrior's attack.
You barely miss garrulousMonolith's ghost.
You block the wraith's attack.
GarrulousMonolith's ghost hits you but does no damage.
You block the orc warrior's attack.
You hit garrulousMonolith's ghost.
GarrulousMonolith's ghost is lightly damaged.
The shadow hits you.
GarrulousMonolith's ghost casts a spell at you.
The blast of sand hits you but does no damage.
You block the wraith's attack.
The orc warrior hits you with a +0 battleaxe!
* * * LOW HITPOINT WARNING * * *
It was a potion of heal wounds.
You feel much better. You block the orc warrior's attack. The shadow hits you.
It was a potion of mutation.
You feel extremely strange.
You feel a hidden potential growing inside you.
You feel clever. You block the wraith's attack.
You block garrulousMonolith's ghost's attack.
The orc warrior hits you but does no damage.
You hit garrulousMonolith's ghost but do no damage.
GarrulousMonolith's ghost is lightly damaged.
You block the shadow's attack. You block the orc warrior's attack.
The wraith hits you but does no damage.
GarrulousMonolith's ghost casts a spell at you.
You block blast of sand... and reflect it back!
The blast of sand hits garrulousMonolith's ghost but does no damage.
You barely miss garrulousMonolith's ghost.
GarrulousMonolith's ghost is lightly damaged.
The orc warrior hits you with a +0 battleaxe!
* * * LOW HITPOINT WARNING * * *
You block the shadow's attack. The wraith hits you but does no damage.
GarrulousMonolith's ghost casts a spell at you.
The stone arrow hits you!!!
You die...

.#.....###.....##.########.....#
.#................#............##
.+................#.......).....~
.#)....#########..#.......).....P
.#.....#.yo....#..............~P~
.####..#..###..#..............P~♣
..# #..#..###..'..........###PP~≈
.## #..#.:.....WWo........'..~~~~
.# #..#.$###..W♣.#.......#.PP~♣♣
.## #..#..###..#..........##PP♣PP
..# #..#.......#..#.......#~~♣~PP
.## #..#########..#.......'.P~~..
#####.............#.......PP~~~~.
.##...............#........P♣~.#.
..................#.......~P~PP#.
.....##..##.......'......~PP~~P#.
####+##..#######..#.......~~P~##.


You could see a wraith, an orc warrior (fast), a shadow and garrulousMonolith's
ghost.

Vanquished Creatures
  4 two-headed ogres
  Pikel (D:8)
  A cyclops (D:9)
  Joseph (D:8)
  A kobold demonologist (D:8)
  A wyvern (D:9)
  6 yaks
  2 basilisks
  A wraith (D:10)
  A vampire mosquito (D:10)
  An acid dragon (D:10)
  Duvessa (D:4)
  A water moccasin (D:7)
  3 orc warriors
  2 sky beasts
  An ice beast (D:5)
  A black bear (D:4)
  An ogre (D:5)
  4 centaurs
  A lemure (D:8)
  A phantom (D:7)
  A kobold brigand (D:4)
  6 bullfrogs
  A gnoll sergeant (D:7)
  3 scorpions (D:5)
  Dowan (D:4)
  7 wights
  3 killer bees (D:8)
  2 electric eels (D:10)
  2 howler monkeys
  A jelly (D:3)
  5 orc priests
  2 gnoll boudas
  3 iguanas
  Terence (D:3)
  3 sleepcaps
  11 orc wizards
  A hound zombie (D:3)
  2 hound skeletons (D:3)
  8 mummies (Ossuary)
  17 gnolls
  2 adders
  4 worms
  4 dart slugs
  29 orcs
  10 endoplasms
  3 giant cockroaches (D:1)
  2 gnoll zombies (Ossuary)
  6 goblins
  2 hobgoblins
  3 jackals (D:2)
  2 quokkas (D:2)
  7 ball pythons
  6 bats
  2 frilled lizards
  2 hobgoblin zombies (Ossuary)
  9 kobolds
  4 kobold zombies (Ossuary)
  A quokka zombie (D:3)
  6 rats
220 creatures vanquished.

Vanquished Creatures (others)
  Sonja (D:10)
  A kobold brigand (D:8)
  A gnoll (D:4)
  2 orcs (D:4)
  An endoplasm (D:4)
  A hobgoblin (D:4)
7 creatures vanquished.

Grand Total: 227 creatures vanquished

Notes
Turn   | Place    | Note
-------+----------+-------------------------------------------
     0 | D:1      | SigmundSlayer the Draconian Transmuter began the quest for
                  | the Orb.
     0 | D:1      | Reached XP level 1. HP: 16/16 MP: 3/3
   162 | D:1      | Reached XP level 2. HP: 23/23 MP: 3/5
   275 | D:1      | You fall into a shaft and drop 1 floor!
   317 | D:1      | Found a faded altar of an unknown god.
   330 | D:1      | Prayed at the altar of an unknown god.
   330 | D:1      | Became a worshipper of Dithmenos the Shadowed
   330 | D:1      | Reached * piety under Dithmenos
   624 | D:1      | Reached XP level 3. HP: 29/29 MP: 6/6
   968 | D:2      | Found Zokhlu's Distillery.
  1127 | D:2      | Learned a level 2 spell: Wereblood
  1131 | D:2      | Learned a level 3 spell: Spider Form
  1386 | D:2      | Identified the ring of Medy {rC+ rN+}
  1526 | D:3      | Found an opulent altar of Gozag.
  1686 | D:3      | Reached XP level 4. HP: 36/36 MP: 3/7
  1754 | D:3      | Reached skill level 1 in Poison Magic
  2318 | D:3      | Reached ** piety under Dithmenos
  2328 | D:3      | Reached XP level 5. HP: 31/41 MP: 4/9
  2796 | D:3      | Noticed Terence
  2815 | D:3      | Killed Terence
  3018 | D:3      | Found a glowing silver altar of Zin.
  3117 | D:4      | Found a shimmering altar of Xom.
  3206 | D:4      | Noticed Duvessa
  3213 | D:4      | Noticed Dowan
  3231 | D:4      | Killed Duvessa
  3232 | D:4      | Reached XP level 6. HP: 43/48 MP: 5/11
  3267 | D:4      | Killed Dowan
  3503 | D:4      | Your scales start taking on a dull iron-grey colour.
  3503 | D:4      | Reached XP level 7. HP: 54/55 MP: 9/12
  4047 | D:4      | Reached skill level 5 in Unarmed Combat
  4458 | D:5      | Entered Level 5 of the Dungeon
  4465 | D:5      | Found an ancient bone altar of Kikubaaqudgha.
  4933 | D:5      | Reached XP level 8. HP: 58/62 MP: 11/14
  4978 | D:5      | Found a basalt altar of Yredelemnul.
  5016 | D:5      | Found a radiant altar of Vehumet.
  5261 | D:5      | Reached skill level 5 in Transmutations
  5437 | D:5      | Reached *** piety under Dithmenos
  5755 | D:6      | Reached skill level 5 in Spellcasting
  5943 | D:6      | Found an iron altar of Okawaru.
  6477 | D:7      | Found Xeeturipp's Book Boutique.
  6505 | D:7      | Reached XP level 9. HP: 33/69 MP: 13/17
  6730 | D:7      | Found a sand-covered staircase.
  6735 | Ossuary  | Entered an ossuary
  6764 | Ossuary  | Reached **** piety under Dithmenos
  6866 | Ossuary  | Reached XP level 10. HP: 88/88 MP: 17/21
  6867 | Ossuary  | Reached XP level 11. HP: 97/97 MP: 17/23
  7170 | D:7      | Found a staircase to the Ecumenical Temple.
  7869 | D:8      | Noticed Pikel
  7871 | D:8      | Reached skill level 10 in Unarmed Combat
  7883 | D:8      | Killed Pikel
  8295 | D:8      | Reached skill level 1 in Shields
  8351 | D:8      | Identified the +1 leather armour of Instinct {Str+3}
  8571 | D:9      | Noticed Joseph
  8666 | D:8      | Killed Joseph
  8827 | D:9      | Found a staircase to the Lair.
  8952 | D:9      | Reached skill level 10 in Transmutations
  8966 | D:9      | Noticed a two-headed ogre
  8978 | D:9      | Killed a two-headed ogre
  9120 | D:9      | Identified the +4 quarterstaff of Descent {flame, rF+
                  | Stlth+}
  9177 | D:9      | Found a hazy altar of Hepliaklqana.
  9306 | D:9      | Found an ornate altar of the Wu Jian Council.
  9341 | D:9      | Found a shimmering blue altar of Sif Muna.
  9524 | D:10     | Entered Level 10 of the Dungeon
  9544 | D:10     | Noticed Sonja
  9563 | D:10     | Killed Sonja
  9569 | D:10     | HP: 3/97 [electric eel/bolt of electricity (7)]
  9581 | D:10     | Noticed a two-headed ogre
  9850 | D:10     | Killed a two-headed ogre
  9853 | D:10     | HP: 5/145 [yak (12)]
 10231 | D:10     | Found Acenun's Assorted Antiques.
 10304 | D:10     | Noticed a two-headed ogre
 10315 | D:10     | Killed a two-headed ogre
 10379 | D:10     | Found a sparkling altar of Nemelex Xobeh.
 10402 | D:10     | Identified the +8 sling of Gehenna {drain, Fly Int-5 SInv}
 10511 | D:10     | Noticed a two-headed ogre
 10520 | D:10     | Killed a two-headed ogre
 10521 | D:10     | Reached XP level 12. HP: 104/104 MP: 25/25
 10592 | D:10     | Found a runed translucent gate.
 10592 | D:10     | Found a runed translucent gate.
 10592 | D:10     | Found a runed translucent gate.
 10596 | D:10     | Noticed garrulousMonolith's ghost (journeyman GrEE)
 10892 | D:10     | Gained mutation: You have hidden genetic potential. [potion
                  | of mutation]
 10892 | D:10     | Gained mutation: Your mind is acute. (Int +4, Str/Dex -1)
                  | [potion of mutation]
 10894 | D:10     | Killed from afar by garrulousMonolith's ghost

Illustrated notes

Levels and vault maps discovered:
D:1:      wander_arrival_desolate, layout_basic, ebering_ecumenical_altar_ruins,
          st_stairs_7
D:2:      layout_rooms, serial_shops, shop, hangedman_decor_diamond_cutter
D:3:      minmay_door_path, layout_basic, grunt_gozag_statues, zin_treasury,
          serial_undead, serial_undead_a, serial_undead_d, serial_undead_b,
          serial_undead_e, uniq_terence
D:4:      layout_gridville, xom_confusion_cloud, hangedman_abyss_or_decor_stabs,
          uniq_duvessa
D:5:      layout_basic, kennysheep_mini, nicolae_vehumet_radiance,
          nicolae_kikubaaqudgha_miasma_corner
D:6:      layout_rooms, amcnicky_altar_gilded
D:7:      layout_loops_ring, minmay_temple_entry_poolview, enter_ossuary_5,
          serial_shops, shop, grunt_decor_fettered
D:8:      layout_loops_ring, kennysheep_minor_cross, uniq_pikel
D:9:      nicolae_whirlpool, layout_cave_pools,
          nicolae_hepliaklqana_hazy_memory, mainiacjoe_overflow_two_lobes,
          david_lair_generic, corexii_corridor_pit, uniq_joseph
D:10:     layout_gridville, mainiacjoe_overflow_small_starburst, serial_bayou,
          serial_bayou_pond_a, serial_bayou_pond_c, serial_bayou_crossing,
          serial_bayou_lagoon_a, serial_shops, nicolae_shop_statue_plus,
          gammafunk_ghost_split, uniq_sonja

Skill      XL: |  1  2  3  4  5  6  7  8  9 10 11 |
---------------+----------------------------------+-----
Dodging        | 2 4 |  4.1
Poison Magic   | 1 2 3 4 |  4.5
Fighting       | 2 4 8 9 |  9.3
Transmutations | 3 4 5 8 9 10 | 10.4
Spellcasting   | 3 4 5 7 8 9 |  9.6
Unarmed Combat | 4 5 6 8 9 10 | 10.7
Shields        | 3 |  3.5

Action                     |  1- 3 |  4- 6 |  7- 9 | 10-12 || total
---------------------------+-------+-------+-------+-------++-------
  Melee: Unarmed           |    97 |   137 |   281 |   294 ||   809
         Kick              |    18 |    13 |    20 |    52 ||   103
         Headbutt          |    11 |     9 |    11 |    35 ||    66
         Tailslap          |    10 |    16 |    25 |    39 ||    90
         Punch             |     1 |     1 |     3 |     1 ||     6
   Cast: Beastly Appendage |    19 |    11 |     6 |    15 ||    51
         Wereblood         |     3 |     8 |    12 |     9 ||    32
         Spider Form       |       |     8 |    14 |     2 ||    24
  Evoke: Wand              |       |       |       |     3 ||     3
    Use: Scroll            |     6 |     3 |     4 |    13 ||    26
         Potion            |       |       |     2 |    12 ||    14
   Stab: Sleeping          |     1 |     4 |     1 |     2 ||     8
 Armour: Skin              |    28 |    11 |    67 |   122 ||   228
  Dodge: Dodged            |    58 |    82 |   233 |   137 ||   510
  Block: Other             |     3 |    24 |    68 |     9 ||   104
         Reflection        |       |     1 |       |    18 ||    19
         Kite shield       |       |       |       |   193 ||   193

Table legend: (Time is in decaauts)
 A = Elapsed time spent in this place.
 B = Non-inter-level travel time spent in this place.
 C = Inter-level travel time spent in this place.
 D = Time resting spent in this place.
 E = Time spent auto-exploring this place.
 F = Levels seen in this place.
 G = Mean time per level.
                   A        B        C        D        E       F      G
               +--------+--------+--------+--------+--------+-----+--------+
         Total |  10853 |  10466 |    387 |   1878 |   6618 |  11 |  986.6 |
       Dungeon |  10643 |  10256 |    387 |   1878 |   6504 |  10 | 1064.3 |
       Ossuary |    209 |    209 |      0 |      0 |    114 |   1 |  209.0 |
               +--------+--------+--------+--------+--------+-----+--------+

Top non-repeatable levels by time:
     D:3: 1457 daAuts
     D:4: 1332 daAuts
     D:7: 1242 daAuts
     D:5: 1180 daAuts
    D:10: 1137 daAuts
     D:8: 1003 daAuts
     D:9: 977 daAuts
     D:1: 941 daAuts
     D:2: 709 daAuts
     D:6: 661 daAuts
 Ossuary: 209 daAuts
